Cogmind - Beta 10.2 @@@ ROGUE MODE // 2021.05.03 @ 12:37:08 Player: Teratos Result: Destroyed by Y-45 Defender with Heavy Assault Rifle Performance ------------- Evolutions (1) 500 Regions Visited (3) 600 Robots Destroyed (106) 530 Value Destroyed (2229) 2229 Prototype IDs (5) 100 Alien Tech Used (0) 0 Bonus (-3) -3 TOTAL SCORE: 3956 Bonus ------- High Alert Combat Kills 385 Friendly Fire -388 Cogmind --------- Core Integrity 0/400 Matter 94/300 Energy 250/250 System Corruption 0% Temperature Cool (9) Movement Treading (160) Location -9/Storage Parts ------- > --- POWER (1) -------- Ion Engine > --- PROPULSION (2) --- Light Treads Light Treads > --- UTILITY (4) ------ Improved Signal Interpreter Terrain Scanner Terrain Scan Processor > --- WEAPON (2) ------- Grenade Launcher Grenade Launcher > --- INVENTORY (4) ---- Structural Scanner Visual Processing Unit Transmission Jammer Peak State ------------ > --- POWER ------------ Heavy Ion Engine > --- PROPULSION ------- Titanium Leg Titanium Leg > --- UTILITY ---------- Disposable Heat Sink Improved Signal Interpreter Improved Terrain Scanner Seismic Analyzer > --- WEAPON ----------- Light EM Pulse Cannon Rocket Launcher > --- INVENTORY -------- Structural Scanner Visual Processing Unit Transmission Jammer [Rating: 20] Favorites ----------- Power Light Ion Engine Engine Light Ion Engine Propulsion Light Treads Treads Light Treads Leg Titanium Leg Utility Seismic Analyzer Device Improved Terrain Scanner Storage Large Battery Processor Seismic Analyzer Protection Utility Shielding Weapon Mining Laser Energy Gun EM Pulse Gun Energy Cannon Light EM Pulse Cannon Ballistic Gun Assault Rifle Launcher Grenade Launcher Special Weapon Mining Laser Build | -11 -10 -9 -9 ------- Run | Scr Mat Mat Sto Slots Evolved 2 | . . 2 . Power . | . . . . Propulsion . | . . . . Utility 2 | . . 2 . Weapon . | . . . . Parts Attached 86 | 14 24 42 6 Power 7 | 1 3 3 . Engine 7 | 1 3 3 . Core . | . . . . Reactor . | . . . . Propulsion 12 | 2 4 6 . Treads 8 | 2 4 2 . Leg 4 | . . 4 . Wheel . | . . . . Hover . | . . . . Flight . | . . . . Utility 32 | 6 3 17 6 Device 21 | 4 3 8 6 Storage 3 | 1 . 2 . Processor 5 | 1 . 4 . Hackware . | . . . . Protection 3 | . . 3 . Artifact . | . . . . Weapon 35 | 5 14 16 . Energy Gun 9 | 1 2 6 . Energy Cannon 1 | . . 1 . Ballistic Gun 14 | 2 8 4 . Ballistic Cannon . | . . . . Launcher 9 | . 4 5 . Special Weapon 2 | 2 . . . Impact Weapon . | . . . . Slashing Weapon . | . . . . Piercing Weapon . | . . . . Special Melee Weapon . | . . . . Unidentified Prototypes 3 | . . 3 . Parts Lost 23 | 4 2 17 . Power 3 | . 1 2 . Propulsion 6 | 1 1 4 . Utility 4 | 1 . 3 . Weapon 10 | 2 . 8 . Highest Loss Streak 7 | 2 2 7 . Average Slot Usage (%) 93 | . 92 94 97 Engine 11 | . 13 10 11 Treads 12 | . 23 2 22 Leg 9 | . . 18 . Device 14 | . 13 15 16 Storage 1 | . . 1 . Processor 18 | . 14 22 22 Energy Gun 6 | . 8 4 . Ballistic Gun 9 | . 11 7 . Launcher 6 | . 5 7 22 Naked Turns . | . . . . Heaviest Build 24 | 10 11 24 18 Greatest Support 40 | 40 40 40 40 Greatest Overweight (x) 3 | . . 3 . Average Overweight (x) . | . . . . Largest Inventory Capacity 6 | 6 4 4 4 Average Capacity 4 | 4 4 4 4 Most Carried 4 | 2 4 4 3 Average Carried 2 | . 3 3 3 Final Capacity 4 | 4 4 4 4 Final Carried 4 | 1 4 3 3 Class Distribution -------------------- 80% | Mutant 12% | Scavenger-Mutant 6% | Skirmisher Dominant Class ---------------- Mutant | -10/Materials Scavenger-Mutant | -9/Materials Scavenger-Mutant | -9/Storage Resources | -11 -10 -9 -9 ----------- Run | Scr Mat Mat Sto Matter Collected 2403 | 498 724 1179 2 Remotely . | . . . . Salvage Created 2776 | 200 571 1961 44 Parts 213 | 17 39 154 3 Haulers Intercepted 6 | . 2 4 . Recyclers Shooed 4 | . 1 3 . Parts Field Recycled . | . . . . Retrieved Matter . | . . . . Parts Self-Destructed . | . . . . Prevented . | . . . . Kills | -11 -10 -9 -9 ------- Run | Scr Mat Mat Sto Combat Hostiles Destroyed 59 | . 16 42 1 Melee 1 | . . 1 . Guns 31 | . 9 22 . Cannons 4 | . . 4 . AOE 23 | . 7 15 1 Classes Destroyed 13 | 3 5 4 1 Worker 7 | 2 1 4 . Builder 10 | . 2 8 . Tunneler 7 | 6 . 1 . Hauler 6 | . 2 4 . Recycler 8 | 1 2 5 . Operator 1 | . . 1 . Drone 3 | . . . 3 Watcher 8 | . 3 4 1 Swarmer 15 | . 8 7 . Grunt 33 | . 8 24 1 Brawler 1 | . . 1 . Duelist 1 | . . 1 . Sentry 9 | . . 9 . Best Kill Streak 7 | 2 7 7 2 Combat Bots Only 6 | . 5 6 1 Max Kills in Single Turn 5 | 1 4 3 5 Gunslinging 1 | . 1 . . Exploded 3 | . 3 2 1 Melee 1 | . . 1 . Uniques/NPCs Destroyed . | . . . . Combat | -11 -10 -9 -9 -------- Run | Scr Mat Mat Sto Damage Taken 3174 | 437 700 2008 29 Core 612 | 77 131 389 15 Absorbed by Shields . | . . . . Core Remaining (%) 42 | 69 16 . . Volleys Fired 375 | 129 79 165 2 Largest 2 | 2 2 2 2 Hottest 200 | 200 70 112 60 Shots Fired 577 | 170 151 252 4 Gun 352 | 32 133 187 . Cannon 17 | . . 17 . Launcher 70 | . 18 48 4 Special 138 | 138 . . . Kinetic 252 | 18 102 132 . Thermal 193 | 152 . 41 . Explosive 70 | . 18 48 4 Electromagnetic 62 | . 31 31 . Robot Hit Streak 19 | 5 14 19 3 Robot Miss Streak 5 | 4 5 5 . Penetration Max . | . . . . Secondary Targets 1 | . 1 . . Max Gunslinging Chain 1 | . 1 . . Shots Hit Robots 223 | 21 70 131 1 Core Hits 178 | 10 38 123 7 Critical Hits . | . . . . Critical Kills . | . . . . Critical Parts Destroyed . | . . . . Melee Attacks . | . . . . Impact . | . . . . Slashing . | . . . . Piercing . | . . . . Sneak Attacks . | . . . . Combat Hostiles . | . . . . Follow-up Attacks . | . . . . Damage Inflicted 6566 | 297 1505 4558 206 Guns 2745 | 201 799 1745 . Cannons 191 | . . 191 . Explosions 3513 | . 706 2601 206 Melee . | . . . . Ramming 21 | . . 21 . Kinetic 1999 | 121 648 1230 . Thermal 1441 | 176 . 1265 . Explosive 2646 | . 706 1734 206 Electromagnetic 459 | . 151 308 . Impact . | . . . . Slashing . | . . . . Piercing . | . . . . Highest Corruption 10 | 9 10 . . Average Corruption 9 | 9 9 . . Corruption Purged . | . . . . Effects 171 | 72 99 . . Message Errors 34 | 20 14 . . Matter Fused 27 | 15 12 . . Heat Flow Errors 18 | 9 9 . . Energy Discharges 19 | 7 12 . . Data Loss (minor) 21 | 10 11 . . Data Loss (major) 12 | 5 7 . . Misfires 2 | . 2 . . Misdirections 6 | . 6 . . Targeting Errors 27 | 6 21 . . Weapon Failures 5 | . 5 . . Overload Shots . | . . . . Overflow Damage 337 | . 7 330 . Projectiles . | . . . . Explosions 337 | . 7 330 . Melee . | . . . . Knockbacks . | . . . . Impact . | . . . . Kinetic . | . . . . Secondary . | . . . . Self-Inflicted Damage 183 | . 55 128 . Shots 8 | . 3 5 . Rammed 7 | . . 7 . Targets Rammed 7 | . . 7 . Kicked . | . . . . Crushed . | . . . . Highest Temperature 291 | 291 258 153 . Average Temperature 59 | 64 74 37 . Received Heat Transfer 702 | . 138 555 9 Effects 4 | 3 1 . . Energy Bleed 1 | . 1 . . Interference 3 | 3 . . . Siege Activations . | . . . . Robots Corrupted . | . . . . Combat Hostiles . | . . . . Parts Fried 1 | . 1 . . Impact Corruptions . | . . . . Robots Melted . | . . . . Combat Hostiles . | . . . . Parts Melted . | . . . . Heat Transferred 1647 | 375 . 1272 . Parts Sabotaged . | . . . . Parts Stolen . | . . . . Parts Stripped . | . . . . Power Chain Reactions 1 | . . 1 . Missiles Intercepted . | . . . . Alert | -11 -10 -9 -9 ------- Run | Scr Mat Mat Sto Peak Influence 845 | 30 257 845 356 Initial 356 | . . 55 356 Average 189 | 3 104 557 347 Maximum Alert Level 3 | . 1 3 1 Low Security (%) 72 | 100 88 18 . Level 1 4 | . 11 3 100 Level 2 14 | . . 51 . Level 3 7 | . . 26 . Level 4 . | . . . . Level 5 . | . . . . High Security . | . . . . Max Security . | . . . . Squads Dispatched 13 | . 4 8 1 Investigation 2 | . 2 . . Extermination . | . . . . Reinforcement 9 | . 2 6 1 Assault 2 | . . 2 . Garrison . | . . . . Intercept . | . . . . Construction Impeded 2 | . . 2 . Haulers Reinforced . | . . . . Stealth | -11 -10 -9 -9 --------- Run | Scr Mat Mat Sto Distress Signals 4 | . 1 2 1 Communications Jammed . | . . . . Distress Signals . | . . . . Times Spotted 104 | 2 33 66 3 Peak Tracking Total 6 | 1 6 6 2 Tactical Retreats 6 | 1 2 3 . Traps | -11 -10 -9 -9 ------- Run | Scr Mat Mat Sto Traps Triggered 5 | . 4 1 . Indirectly . | . . . . Trap Hack Attempts . | . . . . Triggered . | . . . . Disarmed . | . . . . Reprogrammed . | . . . . Reused . | . . . . Traps Extracted . | . . . . Installed . | . . . . Triggered . | . . . . Machines | -11 -10 -9 -9 ---------- Run | Scr Mat Mat Sto Machines Disabled 12 | . 1 11 . Max in Single Turn 5 | . 1 5 . Machines Sabotaged . | . . . . Garrisons Compromised . | . . . . Overloaded Fab Kills . | . . . . Fab Network Shutdowns . | . . . . Hacking | -11 -10 -9 -9 --------- Run | Scr Mat Mat Sto Machines Accessed 11 | . 7 3 1 Terminals 10 | . 6 3 1 Fabricators . | . . . . Repair Stations 1 | . 1 . . Recycling Units . | . . . . Scanalyzers . | . . . . Garrison Access . | . . . . Total Hacks 29 | . 19 9 1 Successful 14 | . 7 6 1 Failed 15 | . 12 3 . Catastrophic 4 | . 4 . . Database Lockouts . | . . . . Manual . | . . . . Terminals 27 | . 17 9 1 Fabricators . | . . . . Repair Stations 2 | . 2 . . Recycling Units . | . . . . Scanalyzers . | . . . . Garrison Access . | . . . . Terminal Hacks 12 | . 5 6 1 Prototype ID Bank 1 | . 1 . . Open Door 1 | . . . 1 Emergency Access Points 1 | . . 1 . Alert Level 1 | . . 1 . Unreport Threat 1 | . . 1 . Locate Traps 1 | . 1 . . Dispatch Records 1 | . 1 . . Transport Status 2 | . . 2 . Zone Layout 3 | . 2 1 . Fabricator Hacks . | . . . . Repair Station Hacks 2 | . 2 . . Scan Component 1 | . 1 . . Repair 1 | . 1 . . Recycling Unit Hacks . | . . . . Scanalyzer . | . . . . Garrison Access Hacks . | . . . . Unauthorized Hacks . | . . . . Terminals . | . . . . Fabricators . | . . . . Repair Stations . | . . . . Recycling Units . | . . . . Scanalyzers . | . . . . Garrison Access . | . . . . Data Cores Recovered . | . . . . Used . | . . . . Hacking Detections 8 | . 5 3 . Full Trace Events 1 | . 1 . . Feedback Events 1 | . 1 . . Corruption 1 | . 1 . . Feedback Blocked . | . . . . Robot Schematics Acquired . | . . . . Robots Built . | . . . . Matter . | . . . . Time . | . . . . Total Robot Build Rating . | . . . . Part Schematics Acquired . | . . . . Parts Built . | . . . . Matter . | . . . . Time . | . . . . Total Part Build Rating . | . . . . Parts Repaired 1 | . 1 . . Time 26 | . 26 . . Parts Recycled . | . . . . Recycled Matter . | . . . . Retrieved Matter . | . . . . Retrieved Components . | . . . . Parts Scanalyzed . | . . . . Part Schematics Acquired . | . . . . Parts Damaged . | . . . . Bothacking | -11 -10 -9 -9 ------------ Run | Scr Mat Mat Sto Used RIF Installer . | . . . . Robots Hacked . | . . . . Non-combat . | . . . . Combat . | . . . . Robot Hacks Applied . | . . . . Relay Couplers Released . | . . . . Robots Rewired . | . . . . Allies Hacked . | . . . . Hacks Repelled . | . . . . Allies | -11 -10 -9 -9 -------- Run | Scr Mat Mat Sto Total Allies . | . . . . Largest Group . | . . . . Highest-Rated Group . | . . . . Highest-Rated Ally . | . . . . Total Orders 3 | . . . 3 EXPLORE 3 | . . . 3 Ally Attacks . | . . . . Total Damage . | . . . . Kills . | . . . . Allies Corrupted . | . . . . Allies Melted . | . . . . Intel | -11 -10 -9 -9 ------- Run | Scr Mat Mat Sto Robot Analysis Total . | . . . . Derelict Logs Recovered . | . . . . Drone Launches 16 | . . . 16 Drone Recoveries 4 | . . . 4 Exploration | -11 -10 -9 -9 ------------- Run | Scr Mat Mat Sto Turns Passed 8165 | 3805 1927 2352 81 Spaces Moved 3845 | 1482 977 1358 28 Core 44 | 27 . 17 . Treads 2610 | 1455 977 150 28 Legs 1191 | . . 1191 . Wheels . | . . . . Hover . | . . . . Flight . | . . . . Fastest Speed 50 | 50 160 50 160 Average Speed 148 | 157 160 130 160 Slowest Speed 200 | 160 160 200 160 Overloaded Moves . | . . . . Propulsion Burnouts . | . . . . Robots Hopped . | . . . . Cave-ins Triggered 1 | 1 . . . Exploration Rate (%) 66 | 62 97 81 26 Regions Visited 3 Branch Regions 1 Pre-discovered Areas . | . . . . Known Exits Taken 1 | . . 1 . Unknown Exits Taken 2 | 1 1 . . Scrap Searched . | . . . . Spaces Dug 79 | 36 . 43 . Terrain Destroyed 556 | 54 99 386 17 Melee . | . . . . Projectile 54 | 54 . . . AOE 502 | . 99 386 17 Terrain Rammed . | . . . . Walls Destroyed . | . . . . Machines Disabled . | . . . . Actions | -11 -10 -9 -9 --------- Run | Scr Mat Mat Sto Total 5423 | 2496 1181 1685 61 Wait 1060 | 867 92 83 18 Move 3842 | 1481 976 1357 28 Hop . | . . . . Pick Up 10 | . 3 7 . Fast Attach 69 | 12 16 35 6 Attach 6 | 1 1 4 . Detach 4 | 1 2 1 . Swap 11 | 1 7 3 . Drop 39 | 4 5 23 7 Fire 375 | 129 79 165 2 Melee . | . . . . Ram 7 | . . 7 . Kick . | . . . . Crush . | . . . . Escape Stasis . | . . . . Rewire . | . . . . Trap . | . . . . Miscellaneous . | . . . . Route ------- -11/Scrapyard -10/Materials (discovered 5 exits: *Mat x3 / [*Min x2]) -9/Materials (discovered 3 exits: *Mat / *Min / *Sto) -9/Storage History --------- Turn | Location | Event 14 | -11/Scrapyard | Discovered new exit (range 15) 1722 | -11/Scrapyard | Crushed by falling debris 2024 | -11/Scrapyard | Assembled infested the area 3806 | -11/Scrapyard | Entered Materials 3807 | -10/Materials | Build established: Mutant 3840 | -10/Materials | Repaired Lgt. Ion Engine 3938 | -10/Materials | Discovered new exit (range 12) 4363 | -10/Materials | Core integrity fell below 50% 4480 | -10/Materials | Discovered new exit (range 10) 5100 | -10/Materials | System corruption reached 10% 5166 | -10/Materials | Discovered new exit (range 6) 5390 | -10/Materials | Discovered new exit (range 16) 5576 | -10/Materials | Core integrity fell below 20% 5707 | -10/Materials | Discovered new exit (range 8) 5733 | -10/Materials | Entered another Materials area 5733 | -9/Materials | Evolved 2 slots: Utility x2 6463 | -9/Materials | Discovered new exit (range 12) 6517 | -9/Materials | Identified exit to Mines 6798 | -9/Materials | Discovered new exit (range 13) 6851 | -9/Materials | Identified exit to Materials 6974 | -9/Materials | Lost 3 parts (2n1w) 7132 | -9/Materials | Core integrity fell below 50% 7333 | -9/Materials | First assault squad dispatched 7380 | -9/Materials | Build established: Scavenger-Mutant 7525 | -9/Materials | Discovered new exit (range 16) 7598 | -9/Materials | Identified exit to Storage 7785 | -9/Materials | Core integrity fell below 20% 7813 | -9/Materials | Lost 7 parts (1p2n1u3w) 8085 | -9/Materials | Entered Storage 8166 | -9/Storage | Destroyed by Y-45 Defender with Heavy Assault Rifle Last Messages --------------- 08138_ Drone retrieved by Drone Bay. 08140_ Drone released from Drone Bay. 08140_ Drone destroyed. 08141_ Drone released from Drone Bay. 08141_ Dropped Drone Bay. 08142_ >> Lost connection to Drone. 08144_ Acquired Drone Bay. 08144_ >> Reconnected with Drone. 08146_ Drone released from Drone Bay. 08146_ Drone retrieved by Drone Bay. 08153_ K-01 Serf collects debris. 08154_ G-34 Mercenary destroyed. 08154_ Drone destroyed. 08154_ W-16 Scout destroyed. 08157_ Drone destroyed. 08158_ Drone released from Drone Bay. 08159_ The unstable cave ceiling collapses. 08159_ Dropped Drone Bay. 08159_ >> Lost connection to Drone. 08161_ Acquired 2 matter. Map ----- +----------------------------------------------------+ | ?????# """ ""?????????????? | | ?????# """ #??????????????? | | ?????? """ #??????????????? | | ???????? % ????????????????? | | ???????###/###?????????####### | | ???????# #?????????? | | ???????# #?????????? | | ???????# #??????????? | | ???????# #???????????? | | ???????# #????????????# | | ######### ##????????????# | | # # #?????????????# % | | # # #?????????#####+## | | # # #?????????# ! # | | # + #?#???????# # | | # # #?#???????# # | | # #% #######???# # | | # # ## """#???#[ # | | # # ##""R"#???#% # | | # # "" "##########/# | | # # Y ^+ | | # """ # | | ######## """ # | | ??#?## """ + | | ??###!n% ! #######+# | | ##?#T@ = """ #???# | | ?####n# # """ ## "" """ | | ?###!!!## # """ ##"G """ | | ##?#!! ## # ## "" """ | | ???# ## ####"T"####### | | ####!!!#############?????# | | ?#########??###????#?????##### | | ?????###?#?###?##????????????? | | #??#??####?##??#?#???????????? | | #?####?#####???###???????????? | | ###?####??##???#??#??????????? | | | | | | | | | | | | | | | | | | | | | | | | | | | | | +----------------------------------------------------+ Best States ------------- Heat Dissipation 28 Energy Generation 14 Energy Capacity 580 Matter Stores 300 Matter Capacity 300 Sight Range 16 Robot Scan Range 10 Terrain Scan Range 16 Terrain Scan Density 85 ECM Strength 1 Armor Coverage 225 Utility Shielding 33 Evasion (%) 50 Targeting Accuracy 5 Recoil Reduction 2 Item Schematics ----------------- None Robot Schematics ------------------ None Fabricated ------------ Nothing Alien Tech Used ----------------- None Achievements -------------- Curiosity Killed The Cat Challenges ------------ None Game ------ Seed PointDirtyTrap Manual? 0 Play Time 01:22:23 Cumulative 49.7 hours Start 2021.05.03 @ 10:23:56 End 2021.05.03 @ 12:37:08 Sessions 1 Manual Loads 0 Difficulty Rogue Special Mode None Game No. 109 Rogue 109 Adventurer 0 Explorer 0 Win Type - Total 0 Types 0/0/0/0/0/0/0/0/0 Lore% 24 Gallery% 28 Achievement% 26 Wizard Run 0 Options --------- ASCII 0 Keyboard 0 Movement Numpad Keybinds 0 Fullscreen 1 Font 12/Smallcaps Map View 83x54 Tactical HUD 1 Map Filters NONE Filters NONE Steam 1 RUN: 646c2592-103b-47f5-b11a-2d9b1dfa8e4b